AoeStats
← old f1sh

Nomad

509677668Analyzed
4v4 RM · 4d ago on Sep 27, 2026· 43m 15s· 8 players
Game mode
Random Map
Map size
231×231
Population
200
Speed
Normal
Resources
Standard
Victory
Conquest
Starting age
Dark Age
Ending age
Imperial Age
RankedLock teamsTeams togetherTeam positionsShared explorationLock speedFull tech treeHidden civsTurbo modeCheats
Victory
Defeat
🇻🇳 Mongols · Vietnam
1464
+13
1418
+15
🇻🇳 Huns · Vietnam
1343
+18
🇻🇳 Armenians · Vietnam
1328
+18
🇨🇳 Varangians · China
1451
-19
🇨🇳 Varangians · China
1392
-16
🇨🇳 Celts · China
1357
-15
1348
-14
Nhà vô địt Chow 007
4:36 Loom
13:58 Feudal Age
18:01 Castle Age
16:43 Double-Bit Axe
17:02 Gold Mining
17:52 Forging
17:47 Scale Barding Armor
18:40 Bloodlines
23:45 Husbandry
27:05 Horse Collar
27:59 Bow Saw
27:50 Heavy Plow
28:26 Gold Shaft Mining
27:42 Stone Mining
35:00 Wheelbarrow
37:54 Chain Barding Armor
41:49 Imperial Age
42:36 Iron Casting
41:36 Cavalier
43:43 Plate Barding Armor
Phu Thuy
4:51 Loom
14:00 Feudal Age
17:48 Castle Age
15:44 Fishing Lines
16:24 Fletching
16:20 Double-Bit Axe
17:50 Horse Collar
19:35 Bodkin Arrow
22:49 Padded Archer Armor
26:38 Leather Archer Armor
30:20 Bloodlines
30:35 Bow Saw
31:51 Husbandry
35:19 Town Watch
36:09 Wheelbarrow
37:44 Hand Cart
41:50 Imperial Age
40:22 Ballistics
40:11 Thumb Ring
40:31 Light Cavalry
41:20 Scale Barding Armor
41:56 Heavy Cavalry Archer
43:02 Parthian Tactics
43:47 Chemistry
43:10 Capped Ram
43:51 Bracer
TanLN
5:22 Loom
13:25 Feudal Age
14:04 Double-Bit Axe
14:09 Fishing Lines
15:05 Gold Mining
17:17 Fletching
23:29 Castle Age
24:48 Medium Warships
24:35 Bodkin Arrow
25:24 Bow Saw
26:41 Wheelbarrow
28:00 Ballistics
28:15 Gillnets
30:40 Careening
30:40 Clinker Construction
32:34 Horse Collar
32:56 Stone Mining
33:41 Gold Shaft Mining
38:57 Imperial Age
39:02 Elite Composite Bowman
40:04 Conscription
40:07 Bracer
40:08 Padded Archer Armor
41:20 Chemistry
41:15 Fereters
41:16 Scale Mail Armor
42:01 Squires
42:14 Forging
42:44 Leather Archer Armor
Ố Là La
8:44 Loom
11:51 Feudal Age
16:11 Castle Age
15:37 Double-Bit Axe
24:45 Fletching
25:10 Padded Archer Armor
27:08 Bodkin Arrow
26:59 Fishing Lines
29:12 Wheelbarrow
29:09 Leather Archer Armor
31:30 Bloodlines
33:48 Thumb Ring
38:12 Imperial Age
38:16 Elite Mangudai
40:24 Bracer
41:08 Conscription
41:27 Parthian Tactics
42:53 Chemistry
42:14 Ballistics
42:06 Husbandry
V我50%匡扶汉室
4:34 Loom
14:48 Feudal Age
15:33 Fishing Lines
21:20 Castle Age
20:06 Gold Mining
20:24 Double-Bit Axe
22:27 Gillnets
23:03 Horse Collar
25:36 Padded Archer Armor
25:47 Scale Barding Armor
26:26 Bloodlines
26:17 Husbandry
27:21 Chain Barding Armor
27:17 Forging
涅槃重生
6:04 Loom
14:47 Feudal Age
20:42 Castle Age
27:27 Fletching
小农民
13:43 Feudal Age
11:59 Loom
14:50 Fishing Lines
15:25 Double-Bit Axe
18:45 Castle Age
17:16 Gold Mining
19:20 Horse Collar
21:29 Fletching
22:28 Forging
22:34 Pikeman
old f1sh
4:21 Loom
14:32 Feudal Age
15:20 Double-Bit Axe
18:11 Castle Age
15:53 Fishing Lines
18:23 Fletching
18:27 Gold Mining
18:48 Gillnets
19:59 Bodkin Arrow
22:11 Bow Saw
26:16 Gillnets
29:04 Medium Warships
39:40 Ballistics
42:07 Wheelbarrow
44:57 Imperial Age
Connection lost

Rejoining the realm…

Still unreachable

The connection could not be restored.

Session expired

The server has moved on; the page needs a fresh start.